 Dungeon Crawl Stone Soup version 0.31-a0-232-gb1c03b2570 (webtiles) character file.

Game seed: 6833931855988381279

432 qw the Shooter (level 7, -4/42 HPs)
             Began as a Gargoyle Hexslinger on July 7, 2023.
             Was an Initiate of Okawaru.
             Slain by a phantom (5 damage)
             ... on level 5 of the Dungeon.
             The game lasted 00:01:27 (3261 turns).

qw the Shooter (Gargoyle Hexslinger)                Turns: 3261, Time: 00:01:28

Health: -4/42      AC:  8    Str: 12    XL:     7   Next: 0%
Magic:  6/8        EV: 13    Int: 13    God:    Okawaru [......]
Gold:   170        SH:  0    Dex: 22    Spells: 7/8 levels left

rFire   . . .        Y - +3 sling
rCold   . . .        (no shield)
rNeg    + . .        o - +1 robe of Mogrioch {Dex+8}
rPois   inf          (no helmet)
rElec   +            (no cloak)
rCorr   .            (no gloves)
SInv    .            c - +0 pair of boots
Will    .....        i - amulet of the acrobat
Stlth   ++           (no ring)
HPRegen 0.27/turn    (no ring)
MPRegen 0.11/turn

%: acrobat
@: no status effects
A: sickness immunity, AC +4, negative energy resistance 1, electricity
resistance, torment resistance 1, petrification resistance
a: Renounce Religion


You were on level 5 of the Dungeon.
You worshipped Okawaru.
Okawaru was noncommittal.
You visited 1 branch of the dungeon, and saw 5 of its levels.

You collected 170 gold pieces.


Innate Abilities, Weirdness & Mutations

You are immune to sickness and miasma.
Your stone body is resilient. (AC +4)
You are immune to poison.
You resist negative energy. (rN+)
You are resistant to electric shocks. (rElec)
You are resistant to unholy torment.
You are immune to petrification.


   Skills:
 + Level 3.8 Fighting
 - Level 6.0 Ranged Weapons
 - Level 1.0 Armour
 - Level 2.0 Dodging
 - Level 1.0 Spellcasting
 - Level 2.6 Hexes


You had 7 spell levels left.
You knew the following spells:

 Your Spells              Type           Power      Damage    Failure   Level
a - Slow                  Hex            28%        N/A       10%         1

Your spell library contained the following spells:

 Spells                   Type           Power      Damage    Failure   Level
 Inner Flame              Hex/Fire       4%         N/A       43%         3
 Portal Projectile        Hex/Tloc       8%         N/A       43%         3
 Cause Fear               Hex            3%         N/A       67%         4

Inventory:

Hand Weapons
 Y - a +3 sling (weapon)
Armour
 c - a +0 pair of boots (worn)
 o - the +1 robe of Mogrioch (worn) {Dex+8}
   (You found it on level 4 of the Dungeon)

   Dex:       It affects your dexterity (+8).
Jewellery
 a - a ring of fire
 g - a ring of ice
 i - an amulet of the acrobat (around neck)
Scrolls
 p - a scroll of identify
Potions
 b - 2 potions of haste
 d - a potion of enlightenment {unknown}
 e - a potion of might
 h - a potion of mutation {unknown}
 j - a potion of degeneration {unknown}
 m - a potion of heal wounds {unknown}

Dungeon Overview and Level Annotations

Branches:
Dungeon (5/15)
 Temple: D:4-7

Altars:
Okawaru
Qazlal
Wu Jian
Xom

Shops:
D:1 (

Annotations:
D:3 3 runed translucent doors, qw's ghost, amateur GrHs


Message History

The orc priest is moderately wounded.
The orc hits you but does no damage.
The phantom hits you but does no damage.
The orc priest barely misses you.
You shoot a sling bullet. The sling bullet hits the orc priest.
The orc priest is heavily wounded.
The orc misses you. The phantom misses you.
The orc priest invokes the aid of Beogh against you.
Beogh smites you!
You shoot a sling bullet. The sling bullet hits the orc priest!
You kill the orc priest!
Okawaru accepts your kill.
You have reached level 7!
You shoot a sling bullet. The sling bullet hits the phantom!
The phantom is heavily damaged.
The phantom hits you. The orc closely misses you.
You shoot a sling bullet.
The sling bullet barely misses the phantom.
The phantom barely misses you. The orc hits you with a +0 flail!
You shoot a sling bullet.
The sling bullet barely misses the phantom.
The orc closely misses you. The phantom barely misses you.
You shoot a sling bullet. The sling bullet hits the phantom!
The phantom is almost destroyed.
The orc completely misses you.
The phantom hits you but does no damage.
You shoot a sling bullet.
The sling bullet completely misses the phantom.
The orc hits you with a +0 flail! The phantom closely misses you.
You shoot a sling bullet.
The sling bullet barely misses the phantom.
The orc closely misses you. The phantom misses you.
You shoot a sling bullet. The sling bullet misses the phantom.
The orc closely misses you.
The phantom hits you but does no damage.
You shoot a sling bullet.
The sling bullet closely misses the phantom.
You feel like a meek peon again. The orc hits you with a +0 flail.
The phantom hits you.
You die...

####### #....)#
######.....#### #
#...##......)..
#.###...##)........
........##<).......
......W.##.........
......o@...........
(.....))..#####..#.
..).....#.... ...
!.......#.###.# #.
..#######.. . ...#
.... .###.


You could see a phantom and an orc.

Vanquished Creatures
  A scorpion (D:4)
  3 orc priests (D:5)
  2 iguanas (D:4)
  3 orc wizards
  6 adders
  3 worms
  4 dart slugs
  3 orcs
  5 ball pythons
  11 endoplasms
  2 giant cockroaches
  8 goblins
  9 hobgoblins
  13 kobolds
  3 quokkas
  4 bats
  8 frilled lizards
  9 rats
97 creatures vanquished.

Notes
Turn   | Place    | Note
-------+----------+-------------------------------------------
     0 | D:1      | qw the Gargoyle Hexslinger began the quest for the Orb.
     0 | D:1      | Reached XP level 1. HP: 12/12 MP: 2/2
     0 | D:1      | 0 ||| qw: Version: 0.3-a-46-gb1f654a
     0 | D:1      | 0 ||| qw: Game counter: 2992
     0 | D:1      | 0 ||| qw: Melee chars always use a shield: true
     0 | D:1      | 0 ||| qw: God list: Okawaru
     0 | D:1      | 0 ||| qw: Allow faded altars: false
     0 | D:1      | 0 ||| qw: Do Orc after clearing Dungeon:15 true
     0 | D:1      | 0 ||| qw: Do second Lair branch before Depths: true
     0 | D:1      | 0 ||| qw: Lair rune preference: random
     0 | D:1      | 0 ||| qw: Goals: Normal
     0 | D:1      | 0 ||| PLANNING D:1-11
    62 | D:1      | Reached XP level 2. HP: 16/16 MP: 3/3
    97 | D:1      | Reached skill level 3 in Ranged Weapons
   260 | D:1      | Reached XP level 3. HP: 21/21 MP: 4/4
   317 | D:1      | Found Kehie's Weapon Boutique.
   736 | D:1      | 736 ||| UPGRADING to +0 leather armour.
   746 | D:1      | 746 ||| DROPPING +0 robe.
   747 | D:1      | 747 ||| UPGRADING to amulet of the acrobat.
   752 | D:1      | 752 ||| READING scroll labelled IPHAACZAPU.
   753 | D:1      | 753 ||| READING scroll labelled ZOLUNIUCICK.
   754 | D:1      | 754 ||| DROPPING scroll of poison.
   912 | D:2      | Found a shimmering altar of Xom.
   970 | D:2      | Reached XP level 4. HP: 26/26 MP: 5/5
  1011 | D:2      | Reached skill level 4 in Ranged Weapons
  1029 | D:2      | Found a faded altar of an unknown god.
  1525 | D:2      | 1525 ||| UPGRADING to +0 ring mail.
  1535 | D:2      | 1535 ||| DROPPING +0 leather armour.
  1536 | D:2      | 1536 ||| READING scroll labelled WOARREECAU.
  1537 | D:2      | 1537 ||| READING 2 scrolls labelled BOAT URCHIECENAR.
  1538 | D:2      | 1538 ||| READING scroll labelled FAOMYPRUOR.
  1539 | D:2      | 1539 ||| DRINKING 2 bubbling dark potions.
  1540 | D:2      | 1540 ||| DROPPING scroll of fear.
  1673 | D:3      | Found a shimmering altar of Xom.
  1678 | D:3      | Found an ornate altar of the Wu Jian Council.
  1681 | D:3      | Found an iron altar of Okawaru.
  1682 | D:3      | 1682 ||| PLANNING OKAWARU WORSHIP
  1682 | D:3      | 1682 ||| UPGRADING to +0 pair of boots.
  1691 | D:3      | Became a worshipper of Warmaster Okawaru
  1692 | D:3      | 1692 ||| PLANNING D:1-11
  1767 | D:3      | Reached XP level 5. HP: 30/30 MP: 6/6
  2214 | D:3      | Found a runed translucent gate.
  2214 | D:3      | Found a runed translucent gate.
  2214 | D:3      | Found a runed translucent gate.
  2221 | D:3      | Noticed qw's ghost (amateur GrHs)
  2292 | D:3      | 2292 ||| READING scroll labelled LAN OWKAYZ.
  2322 | D:4      | Reached skill level 1 in Armour
  2446 | D:4      | Reached skill level 5 in Ranged Weapons
  2591 | D:4      | 2591 ||| FLEEEEING.
  2592 | D:4      | 2592 ||| FLEEEEING.
  2593 | D:4      | 2593 ||| FLEEEEING.
  2622 | D:4      | Found a stormy altar of Qazlal.
  2724 | D:4      | HP: 4/31 [iguana (11)]
  2728 | D:4      | Reached skill level 3 in Fighting
  2924 | D:4      | Identified the +1 robe of Mogrioch {Dex+8}
  2958 | D:4      | 2958 ||| READING scroll of enchant weapon.
  2958 | D:4      | 2958 ||| ENCHANTING +2 sling.
  2970 | D:4      | 2970 ||| UPGRADING to +1 robe of Mogrioch {Dex+8}.
  2980 | D:4      | 2980 ||| DROPPING +0 ring mail.
  2981 | D:4      | 2981 ||| DROPPING ring of magical power.
  2982 | D:4      | 2982 ||| READING scroll labelled ZUTASA HONIAG.
  2983 | D:4      | 2983 ||| READING scroll labelled DUHAED JIOSKO.
  2986 | D:4      | 2986 ||| DRINKING 2 coppery potions.
  3004 | D:5      | Entered Level 5 of the Dungeon
  3009 | D:5      | Reached XP level 6. HP: 35/37 MP: 7/7
  3010 | D:5      | 3010 ||| STAIRDANCE
  3024 | D:4      | HP: 9/37 [something (4)]
  3159 | D:5      | 3159 ||| STAIRDANCE
  3241 | D:5      | Reached skill level 6 in Ranged Weapons
  3249 | D:5      | Reached * piety under Okawaru
  3250 | D:5      | 3250 ||| INVOKING Heroism.
  3254 | D:5      | Reached XP level 7. HP: 20/42 MP: 5/8
  3255 | D:5      | HP: 10/42 [orc/+0 flail (7)]
  3258 | D:5      | HP: 3/42 [orc/+0 flail (8)]
  3261 | D:5      | HP: 1/42 [orc/+0 flail (3)]
  3261 | D:5      | Slain by a phantom

Levels and vault maps discovered:
D:1:      zelgadis_glass_arrival_small, layout_loops_cross, serial_shops, shop
D:2:      minmay_diamond_boxcup, layout_basic, basic_altar,
          nicolae_ecumenical_snake_handling
D:3:      layout_loops_cross, grunt_temple_overflow_diamond,
          ebering_ghost_rock_garden
D:4:      layout_rooms, grunt_qazlal_sundering, kennysheep_generic_room_10
D:5:      layout_rooms, mainiacjoe_overflow_alcove_2,
          gammafunk_temple_overflow_wave, nicolae_letterblocks
          [nicolae_letter_subblock, nicolae_letter_subblock,
          nicolae_letter_subblock, nicolae_letter_subblock,
          nicolae_letter_subblock, nicolae_letter_subblock,
          nicolae_letter_subblock, nicolae_letter_subblock,
          nicolae_letter_subblock, nicolae_letter_subblock,
          nicolae_letter_subblock, nicolae_letter_subblock,
          nicolae_letter_subblock, nicolae_letter_subblock,
          nicolae_letter_subblock, nicolae_letter_subblock,
          nicolae_letter_subblock, nicolae_letter_subblock,
          nicolae_letter_subblock, nicolae_letter_subblock,
          nicolae_letter_subblock, nicolae_letter_subblock,
          nicolae_letter_subblock, nicolae_letter_subblock,
          nicolae_letter_subblock], uniq_duvessa, uniq_crazy_yiuf_cottage

Skill      XL: |  1  2  3  4  5  6 |
---------------+-------------------+-----
Ranged Weapons | 3 4 5 6 |  6.0
Fighting       | 2 3 |  3.8
Armour         | 1 |  1.0
Dodging        | 2 |  2.0
Spellcasting   | |  1.0
Hexes          | |  2.6

Action                     |  1- 3 |  4- 6 |  7- 9 || total
---------------------------+-------+-------+-------++-------
   Fire: Sling             |   103 |   217 |     8 ||   328
 Invoke: Heroism           |       |     1 |       ||     1
    Use: Scroll            |     2 |     7 |       ||     9
         Potion            |       |     2 |       ||     2
 Armour: Leather armour    |    10 |    11 |       ||    21
         Robe              |     1 |    33 |     2 ||    36
         Ring mail         |       |    24 |       ||    24
  Dodge: Dodged            |    11 |    66 |     9 ||    86

Table legend:
 A = Non-vault XP
 B = Vault XP
 C = Vault XP percentage of total XP
 D = Non-vault monster count
 E = Vault monster count
 F = Vault count percentage of total count
                 A         B        C        D         E       F
            +---------+---------+-------+---------+---------+-------
      Total |     601 |      17 |   2.8 |      88 |       9 |   9.3
            +---------+---------+-------+---------+---------+-------
        D:1 |      50 |       0 |   0.0 |      28 |       0 |   0.0
        D:2 |      94 |      17 |  15.3 |      29 |       9 |  23.7
        D:3 |      16 |       0 |   0.0 |       8 |       0 |   0.0
        D:4 |     284 |       0 |   0.0 |      18 |       0 |   0.0
        D:5 |     157 |       0 |   0.0 |       5 |       0 |   0.0
            +---------+---------+-------+---------+---------+-------
